 Dungeon Crawl Stone Soup version 0.21.1-1-g345015f (webtiles) character file.

5648 dvd the Transmogrifier (level 10, -5/62 HPs)
             Began as an Octopode Transmuter on July 29, 2018.
             Was an Elder of Cheibriados.
             Slain by a hippogriff (6 damage)
             ... on level 10 of the Dungeon.
             The game lasted 00:31:26 (10451 turns).

dvd the Transmogrifier (Octopode Transmuter)       Turns: 10451, Time: 00:31:27

Health: -5/62      AC:  1    Str: 19    XL:     10   Next: 74%
Magic:  15/19      EV: 16    Int: 31    God:    Cheibriados [****..]
Gold:   110        SH:  0    Dex: 19    Spells: 8/21 levels left

rFire    . . .     SeeInvis .     - Unarmed
rCold    . . .     Gourm    .   (shield currently unavailable)
rNeg     . . .     Faith    .   (helmet restricted)
rPois    +         Spirit   .   (no amulet)
rElec    .         Reflect  .   k - +3 ring of slaying
rCorr    .         Harm     .   j - ring of the Shining Light {MR+ Dex-3} (curse)
MR       +....                  w - ring of stealth
Stlth    ++++......             D - +4 ring of intelligence
HPRegen  0.20/turn              v - ring of wizardry
MPRegen  0.16/turn              A - ring of poison resistance
                                (no ring)
                                (no ring)

@: blade tentacles, very slow
A: almost no armour, stealthy swim, amphibious, 8 rings, constrict 8, camouflage
1, gelatinous body 1
a: End Transformation, Bend Time, Temporal Distortion, Slouch, Renounce Religion


You were on level 10 of the Dungeon.
You worshipped Cheibriados.
Cheibriados was greatly pleased with you.
You were hungry.
You had blades for tentacles.
You visited 2 branches of the dungeon, and saw 11 of its levels.
You also visited: Ossuary.

You collected 450 gold pieces.
You spent 340 gold pieces at shops.

Inventory:

Hand Weapons
 B - a +1 war axe of chopping
Missiles
 a - 54 arrows
 p - 10 tomahawks (quivered)
 q - 2 throwing nets
Armour
 r - a +0 shield
Jewellery
 j - the cursed ring of the Shining Light (right scythe-like blade) {MR+ Dex-3}
   (You found it on level 6 of the Dungeon)

   [ring of dexterity]

   It affects your dexterity (-3).
   It affects your resistance to hostile enchantments.
   It has a curse placed upon it.
 k - a +3 ring of slaying (left scythe-like blade)
 v - a ring of wizardry (on tentacle)
 w - a ring of stealth (on tentacle)
 A - a ring of poison resistance (on tentacle)
 D - a +4 ring of intelligence (on tentacle)
Wands
 l - a wand of digging (14)
 s - a wand of acid (4)
 G - a wand of disintegration (15)
Scrolls
 d - 10 scrolls of identify
 f - 4 scrolls of enchant armour
 i - 2 scrolls of amnesia
 x - a scroll of fear
 y - 3 scrolls of remove curse
 C - 2 scrolls of teleportation
 E - a scroll of enchant weapon
 F - a scroll of magic mapping
Potions
 e - a potion of flight {unknown}
 g - 2 potions of magic {unknown}
 h - 3 potions of degeneration {unknown}
 m - 3 potions of ambrosia
 n - 3 potions of heal wounds
 o - a potion of agility {unknown}
 t - 2 potions of brilliance {unknown}
 u - 3 potions of curing
 z - 2 potions of resistance
Books
 b - a book of Changes

   Spells                             Type                      Level
   a - Beastly Appendage              Transmutation                1
   b - Sticks to Snakes               Transmutation                2
   c - Spider Form                    Transmutation/Poison         3
   d - Ice Form                       Ice/Transmutation            4
   e - Blade Hands                    Transmutation                5
Comestibles
 c - 11 rations


   Skills:
 + Level 2.8 Fighting
 + Level 4.5 Dodging
 - Level 0.4 Stealth
 + Level 9.4 Unarmed Combat
 + Level 6.2 Spellcasting
 * Level 9.5 Transmutations
 + Level 4.6 Poison Magic


You had 8 spell levels left.
You knew the following spells:

 Your Spells              Type           Power        Failure   Level  Hunger
a - Beastly Appendage     Tmut           ######       2%          1    None
b - Spider Form           Tmut/Pois      ######....   6%          3    None
c - Blade Hands           Tmut           ######....   10%         5    #####..
d - Ice Form              Ice/Tmut       #####...     16%         4    ##.....


Dungeon Overview and Level Annotations

Branches:
Dungeon (10/15)            Temple (1/1) D:5
   Lair: D:8-11         Orc: D:9-12

Altars:
Ashenzari
Cheibriados
Dithmenos
Elyvilon
Fedhas
Gozag
Hepliaklqana
Kikubaaqudgha
Makhleb
Nemelex Xobeh
Okawaru
Qazlal
Sif Muna
Trog
Uskayaw
Vehumet
Wu Jian
Xom
Yredelemnul
Zin
The Shining One
Lugonu

Shops:
D:6 ((   D:9 =%(}:

Annotations:
D:2 1 runed door


Innate Abilities, Weirdness & Mutations

You cannot wear most types of armour.
You are very stealthy in the water. (Stealth+)
You are amphibious.
You can wear up to eight rings at the same time.
You can use your tentacles to constrict eight enemies at once.
Your skin changes colour to match your surroundings (Stealth+).
Your rubbery body absorbs attacks. (AC +1, EV +1)


Message History

Cheibriados thoroughly appreciates the change of pace.
You can now inflict damage on those overly hasty.
Cheibriados raises the support of your attributes as your movement slows.
Unknown command.
Unknown command.
The hippogriff bites you! The hippogriff closely misses you.
The hippogriff claws you. The hippogriff bites you! The hippogriff pecks you.
The hippogriff closely misses you.
Things that are here:
a war axe; a plate armour; a falchion You slice the hippogriff!!
You squeeze the hippogriff.
The hippogriff is severely wounded.
The hippogriff bites you! The hippogriff pecks you! The hippogriff claws you!
* * * LOW HITPOINT WARNING * * *
You hit the hippogriff. Your slash misses the hippogriff.
The hippogriff is almost dead.
The hippogriff bites you!
* * * LOW HITPOINT WARNING * * *
The hippogriff pecks you.
You die...

#.. #.. . #.# ..
#.. ... #.# ....
#.# .....
##########.##o.....
...........@Hoo....
#........#.##{.....
#........#.# .....
.#####.##.# .###
#.##.# .# #.##.# #
#.##.. #.####.##..
#..>..<##..


You could see a hippogriff and 3 orcs.

Vanquished Creatures
  Erica (D:9)
  Pikel (D:5)
  A troll (D:9)
  A hippogriff (D:9)
  2 wyverns
  3 hungry ghosts
  A black bear (D:6)
  7 orc warriors
  An ice beast (D:6)
  2 phantoms
  3 slaves
  2 ogres
  A big kobold (D:7)
  An elf zombie (Ossuary)
  3 bullfrogs
  2 scorpions
  3 wights (D:6)
  2 howler monkeys
  A jelly (D:8)
  3 crimson imps
  A centaur zombie (D:5)
  A quasit (D:7)
  A hound (D:4)
  6 orc priests
  2 centaur skeletons (D:4)
  An iguana (D:9)
  Natasha (thrice) (D:2)
  13 orc wizards
  10 worker ants
  2 big kobold zombies (Ossuary)
  2 mummies (Ossuary)
  A hound skeleton (D:7)
  19 gnolls
  13 adders
  A shadow imp (D:9)
  An adder skeleton (D:6)
  3 adder zombies
  A worm (D:2)
  2 dart slugs (D:1)
  4 leopard geckos
  30 orcs
  7 bats
  4 giant cockroaches
  7 goblins
  10 hobgoblins
  4 jackals (D:3)
  11 kobolds
  3 quokkas
  A ball python (D:2)
  4 frilled lizards
  2 goblin zombies (Ossuary)
  11 hobgoblin zombies (Ossuary)
  A jackal skeleton (D:4)
  2 jackal zombies (Ossuary)
  8 kobold zombies (Ossuary)
  7 orc zombies (Ossuary)
  3 rats
  2 rat zombies (Ossuary)
245 creatures vanquished.

Vanquished Creatures (others)
  2 fungi (D:5)
2 creatures vanquished.

Grand Total: 247 creatures vanquished

Notes
Turn   | Place    | Note
-------+----------+-------------------------------------------
     0 | D:1      | dvd the Octopode Transmuter began the quest for the Orb.
     0 | D:1      | Reached XP level 1. HP: 13/13 MP: 3/3
   200 | D:1      | Reached XP level 2. HP: 8/18 MP: 3/5
   893 | D:2      | Reached XP level 3. HP: 23/23 MP: 4/6
  1160 | D:2      | Noticed Natasha
  1166 | D:2      | Killed Natasha
  1166 | D:2      | Reached XP level 4. HP: 7/28 MP: 5/7
  1351 | D:2      | Noticed Natasha
  1357 | D:2      | Killed Natasha
  1466 | D:2      | Noticed Natasha
  1477 | D:2      | Killed Natasha
  1477 | D:2      | Reached XP level 5. HP: 29/33 MP: 6/8
  1731 | D:2      | Learned a level 3 spell: Spider Form
  1868 | D:2      | Found a runed door.
  1961 | D:2      | Found a deep blue altar of Sif Muna.
  2378 | D:3      | Found a shattered altar of Ashenzari.
  2385 | D:3      | Reached XP level 6. HP: 25/38 MP: 10/10
  2703 | D:3      | Found a glowing golden altar of the Shining One.
  2884 | D:4      | Reached skill level 1 in Poison Magic
  3381 | D:4      | Reached skill level 5 in Unarmed Combat
  3448 | D:4      | Reached XP level 7. HP: 21/43 MP: 8/12
  4155 | D:5      | Entered Level 5 of the Dungeon
  4155 | D:5      | Found a hide-covered altar of Uskayaw.
  4155 | D:5      | Noticed a dagger
  4155 | D:5      | Noticed a dagger
  4155 | D:5      | Noticed a hungry ghost
  4351 | D:5      | Found an ornate altar of the Wu Jian Council.
  4351 | D:5      | Found a bloodstained altar of Trog.
  4358 | D:5      | Found a radiant altar of Vehumet.
  4360 | D:5      | Found a sparkling altar of Nemelex Xobeh.
  4380 | D:5      | Found an opulent altar of Gozag.
  4654 | D:5      | Found a blossoming altar of Fedhas.
  4675 | D:5      | Noticed Pikel
  4730 | D:5      | Reached skill level 5 in Transmutations
  4730 | D:5      | Reached XP level 8. HP: 24/48 MP: 11/13
  5331 | D:5      | Killed Pikel
  5735 | D:5      | Found a staircase to the Ecumenical Temple.
  5747 | Temple   | Entered the Ecumenical Temple
  5780 | Temple   | Became a worshipper of Cheibriados the Contemplative
  5897 | D:5      | Found a stormy altar of Qazlal.
  6042 | D:6      | Reached XP level 9. HP: 43/54 MP: 13/15
  6110 | D:6      | Got a wavering iron ring
  6111 | D:6      | Identified the cursed ring of the Shining Light {MR+ Dex-3} (You found it on level 6 of the Dungeon)
  6121 | D:6      | Found Liugiulo's Antique Weapon Shop.
  6212 | D:6      | Learned a level 5 spell: Blade Hands
  6312 | D:6      | Found Hacemuam's Antique Weapon Shop.
  6498 | D:6      | Reached * piety under Cheibriados
  7143 | D:7      | Reached skill level 5 in Spellcasting
  8074 | D:8      | Reached ** piety under Cheibriados
  8116 | D:8      | Reached XP level 10. HP: 45/61 MP: 12/17
  8202 | D:8      | Found a sand-covered staircase.
  8209 | Ossuary  | Entered an ossuary
  8472 | Ossuary  | Reached *** piety under Cheibriados
  8678 | D:8      | Noticed a catoblepas
  9055 | D:8      | Found a stormy altar of Qazlal.
  9139 | D:10     | Entered Level 10 of the Dungeon
  9547 | D:9      | Found Gufucw's Book Shop.
  9609 | D:9      | Learned a level 4 spell: Ice Form
  9713 | D:9      | Found a shimmering altar of Xom.
  9748 | D:9      | Found Guguxzof's Gadget Shoppe.
  9784 | D:9      | Found Umicvi's Antique Weapon Emporium.
 10160 | D:9      | Found Hotirhov's Food Shoppe.
 10341 | D:9      | Noticed Erica
 10345 | D:9      | Found Zeim's Jewellery Boutique.
 10350 | D:9      | Killed Erica
 10364 | D:9      | Bought an uncursed ring of poison resistance for 340 gold pieces
 10446 | D:10     | Reached **** piety under Cheibriados
 10451 | D:10     | HP: 1/62 [hippogriff (11)]
 10451 | D:10     | Slain by a hippogriff

Skill      XL: |  1  2  3  4  5  6  7  8  9 10 |
---------------+-------------------------------+-----
Transmutations | 3 4 5 7 9 |  9.5
Unarmed Combat | 4 5 6 7 8 9 |  9.4
Spellcasting   | 3 4 5 6 |  6.2
Poison Magic   | 2 3 4 |  4.6
Dodging        | 3 4 |  4.5
Fighting       | 2 |  2.8
Stealth        | |  0.4

Action                   |  1- 3 |  4- 6 |  7- 9 | 10-12 || total
-------------------------+-------+-------+-------+-------++-------
Melee: Unarmed           |    49 |   127 |   268 |   119 ||   563
       Constrict         |    12 |    29 |    22 |    23 ||    86
       Kick              |    10 |    20 |    12 |       ||    42
       Tentacles         |     2 |     8 |    15 |    26 ||    51
       Punch             |       |     1 |     4 |     3 ||     8
Throw: Tomahawk          |       |       |     1 |       ||     1
 Cast: Beastly Appendage |    13 |    23 |     8 |       ||    44
       Spider Form       |       |     7 |    20 |     1 ||    28
       Blade Hands       |       |       |    13 |    21 ||    34
 Abil: End Transformatio |       |       |     1 |       ||     1
  Use: Scroll            |       |     8 |     2 |     7 ||    17
       Potion            |       |       |     1 |       ||     1
 Stab: Sleeping          |     2 |     6 |     4 |     1 ||    13
  Eat: Chunk             |     1 |     8 |    14 |     2 ||    25
       Ration            |       |       |     3 |     2 ||     5
Armor: Skin              |     8 |     9 |    10 |     3 ||    30
Dodge: Dodged            |    39 |    83 |   175 |    52 ||   349
